 Dungeon Crawl Stone Soup version 0.30.0-29-ga12c61a403 (webtiles) character file.

Game seed: 665345704789844959

756 Graphine the Trooper (level 7, -2/62 HPs)
             Began as a Hill Orc Fighter on June 21, 2023.
             Slain by a gnoll
             ... wielding a +0 club
             ... led by a gnoll bouda
              (4 damage)
             ... on level 4 of the Dungeon.
             The game lasted 00:05:31 (3192 turns).

Graphine the Trooper (Hill Orc Fighter)             Turns: 3192, Time: 00:05:34

Health: -2/62      AC:  8    Str: 21    XL:     7   Next: 79%
Magic:  10/10      EV:  9    Int:  8    God:
Gold:   259        SH:  5    Dex: 10    Spells: 6/6 levels left

rFire   . . .        a - +0 war axe
rCold   . . .        c - +0 buckler
rNeg    + . .        b - +0 scale mail
rPois   .            q - +0 helmet
rElec   .            (no cloak)
rCorr   .            (no gloves)
SInv    .            (no boots)
Will    .....        (no amulet) Stlth
                     m - ring of positive energy
HPRegen 0.30/turn    (no ring)
MPRegen 0.12/turn

%: no passive effects
@: mighty, weakened
A: no striking features
a: no special abilities


You were on level 4 of the Dungeon.
You visited 1 branch of the dungeon, and saw 4 of its levels.

You collected 259 gold pieces.

Inventory:

Hand Weapons
 a - a +0 war axe (weapon)
 g - a +0 dagger of holy wrath
 l - a +3 flail
Armour
 b - a +0 scale mail (worn)
 c - a +0 buckler (worn)
 q - a +0 helmet (worn)
Jewellery
 m - a ring of positive energy (left hand)
Wands
 f - a wand of acid (1)
 o - a wand of mindburst (13)
Scrolls
 h - 2 scrolls of teleportation
 r - 3 scrolls of identify
Potions
 d - 2 potions of might
 e - a potion of cancellation
 i - 3 potions of curing
 j - 2 potions of mutation {unknown}
 k - a potion of lignification {unknown}
 n - a potion of brilliance {unknown}
 p - a potion of magic {unknown}
 s - a potion of flight {unknown}


   Skills:
 + Level 5.8 Fighting
 + Level 5.6 Axes
 + Level 5.2 Armour
 - Level 5.0 Shields
 + Level 4.8 Invocations


You had 6 spell levels left.
You didn't know any spells.
Your spell library contained the following spells:

 Spells                   Type           Power      Damage    Failure   Level
 Inner Flame              Hex/Fire       0%         N/A       99%         3
 Summon Guardian Golem    Hex/Summ       0%         N/A       99%         3
 Flame Wave               Conj/Fire      0%         2d4       100%        4
 Sticky Flame             Conj/Fire      0%         2d3       100%        4
 Orb of Destruction       Conj           0%         9d5       100%        7
 Spellforged Servitor     Conj/Summ      0%         N/A       100%        7


Dungeon Overview and Level Annotations

Branches:
Dungeon (4/15)
 Temple: D:4-7

Altars:
Ru
Yredelemnul


Message History

The gnoll bouda hits you with a +0 whip.
The gnoll hits you but does no damage. x2
The gnoll bouda hits you with a +0 whip.
The gnoll barely misses you.
You closely miss the gnoll.
The gnoll is heavily wounded.
You hit the gnoll bouda. You barely miss the gnoll. You hit the gnoll.
The gnoll hits you with a +0 spear. The gnoll hits you but does no damage.
The gnoll hits you from afar with a +0 spear.
The gnoll bouda calls upon its god to heal the gnoll.
The gnoll's wounds heal themselves!
The gnoll hits you with a +0 whip.
You completely miss the gnoll.
The gnoll is heavily wounded.
You closely miss the gnoll bouda. You hit the gnoll. You slash the gnoll!
The gnoll barely misses you.
The gnoll bouda hits you with a +0 whip!
A gnoll comes into view. It is wielding a +0 whip.
The gnoll hits you from afar with a +0 spear.
The gnoll hits you with a +0 whip. The gnoll hits you with a +0 club.
You barely miss the gnoll.
The gnoll is heavily wounded.
You barely miss the gnoll bouda. You barely miss the gnoll.
You hit the gnoll but do no damage. You slash the gnoll!
A gnoll comes into view. It is wielding a +0 spear.
You block the gnoll's attack. The gnoll hits you but does no damage.
The gnoll bouda hits you with a +0 whip.
* * * LOW HITPOINT WARNING * * *
The gnoll barely misses you. The gnoll closely misses you.
The gnoll hits you but does no damage.
Okay, then.
Okay, then.
Okay, then.
You feel very mighty all of a sudden.
The gnoll shouts!
The gnoll hits you with a +0 spear.
* * * LOW HITPOINT WARNING * * *
The gnoll hits you from afar with a +0 spear.
* * * LOW HITPOINT WARNING * * *
The gnoll hits you with a +0 club.
You die... #....# ##...### ###...# ###.# #.# ####.# #....# #.#### #.g@g# #gggg.#

#..gJgg.g.
#..........
#.......<..
#..........
#.....#....
#.....#....


You could see a gnoll bouda, 9 gnolls and an endoplasm.

Vanquished Creatures
  Grinder (D:3)
  Sigmund (D:3)
  A bullfrog (D:3)
  A scorpion (D:4)
  A howler monkey (D:4)
  A hound (D:4)
  Ijyb (D:3)
  A gnoll (D:1)
  5 adders
  6 worms
  7 dart slugs
  5 orcs
  10 ball pythons
  3 endoplasms
  7 giant cockroaches
  11 hobgoblins
  12 jackals
  8 kobolds
  4 quokkas
  4 bats
  3 frilled lizards
  8 goblins
  2 rats
103 creatures vanquished.

Notes
Turn   | Place    | Note
-------+----------+-------------------------------------------
     0 | D:1      | Graphine the Hill Orc Fighter began the quest for the Orb.
     0 | D:1      | Reached XP level 1. HP: 19/19 MP: 1/1
   170 | D:1      | Reached XP level 2. HP: 23/27 MP: 2/2
   194 | D:1      | Reached skill level 1 in Invocations
   410 | D:1      | Reached XP level 3. HP: 33/33 MP: 3/3
  1025 | D:2      | Reached XP level 4. HP: 33/40 MP: 5/5
  1361 | D:2      | Reached XP level 5. HP: 32/47 MP: 6/6
  1521 | D:2      | Identified the +3 trident of Analysis {freeze, *Rage rF+
                  | Str+2}
  1719 | D:3      | Noticed Grinder
  1720 | D:3      | Paralysed by Grinder for 3 turns
  1725 | D:3      | Paralysed by Grinder for 5 turns
  1747 | D:3      | Paralysed by Grinder for 2 turns
  1753 | D:3      | Killed Grinder
  1754 | D:3      | Reached XP level 6. HP: 17/55 MP: 6/8
  2035 | D:3      | Reached skill level 5 in Fighting
  2121 | D:3      | Noticed Sigmund
  2128 | D:3      | Killed Sigmund
  2129 | D:3      | Reached XP level 7. HP: 43/61 MP: 8/10
  2135 | D:3      | Reached skill level 5 in Axes
  2369 | D:3      | Reached skill level 5 in Shields
  2540 | D:3      | Noticed Ijyb
  2554 | D:3      | Killed Ijyb
  2786 | D:3      | Reached skill level 5 in Armour
  2824 | D:4      | Found a basalt altar of Yredelemnul.
  2828 | D:4      | Found a sacrificial altar of Ru.
  3192 | D:4      | HP: 2/62 [gnoll/+0 spear[a gnoll bouda] (6)]
  3192 | D:4      | Slain by a gnoll

Illustrated notes

Levels and vault maps discovered:
D:1:      dpeg_arrival_another_circle, layout_loops_ring,
          hangedman_decor_points, minmay_pentomino_w4
D:2:      layout_loops_ring
D:3:      layout_loops_ring, portal_sewer_entry_f, hangedman_glass_teeth,
          st_stairs_8, wad_orctagon, uniq_ijyb, uniq_sigmund, uniq_grinder
D:4:      kennysheep_six_static_rooms, layout_basic,
          lemuel_coloured_pillars_altar, mainiacjoe_overflow_catwalk_spiral

Skill      XL: |  1  2  3  4  5  6  7 |
---------------+----------------------+-----
Axes           | 3 4 5 |  5.6
Invocations    | 1 2 3 4 |  4.8
Fighting       | 4 5 |  5.8
Shields        | 4 5 |  5.0
Armour         | 4 5 |  5.2

Action                     |  1- 3 |  4- 6 |  7- 9 || total
---------------------------+-------+-------+-------++-------
  Melee: War axe           |   117 |   100 |   104 ||   321
  Evoke: Wand              |       |       |     1 ||     1
    Use: Scroll            |     4 |     1 |       ||     5
         Potion            |       |     2 |     1 ||     3
   Stab: Invisible         |       |     3 |       ||     3
 Armour: Scale mail        |    67 |    45 |    61 ||   173
  Dodge: Dodged            |    58 |    57 |    53 ||   168
  Block: Buckler           |    32 |    24 |    29 ||    85
